 Dungeon Crawl Stone Soup version 0.30.1-3-gfc49f6343a (webtiles) character file.

Game seed: 15137069721033140174

89 Heoruswealwe the Conjurer (level 4, 0/24 HPs)
             Began as a Deep Elf Conjurer on Aug 2, 2023.
             Constricted to death by Sigmund (4 damage)
             ... on level 3 of the Dungeon.
             The game lasted 00:15:04 (1555 turns).

Heoruswealwe the Conjurer (Deep Elf Conjurer)       Turns: 1555, Time: 00:15:04

Health: 0/24       AC:  2    Str:  4    XL:     4   Next: 31%
Magic:  6/12       EV: 10    Int: 25    God:
Gold:   27         SH:  0    Dex: 19    Spells: 2/12 levels left

rFire   . . .        a - staff of conjuration
rCold   . . .        (no shield)
rNeg    . . .        c - +0 robe
rPois   .            (no helmet)
rElec   .            (no cloak)
rCorr   .            (no gloves)
SInv    .            (no boots)
Will    .....        (no amulet)
Stlth   ++           k - +6 ring of dexterity
HPRegen 0.24/turn    (no ring)
MPRegen 0.13/turn

%: no passive effects
@: grasped by roots, very slightly contaminated, constricted
A: no striking features
a: no special abilities


You were on level 3 of the Dungeon.
You visited 1 branch of the dungeon, and saw 3 of its levels.

You collected 66 gold pieces.
You spent 39 gold pieces at shops.

Inventory:

Armour
 c - a +0 robe (worn)
Magical Staves
 a - a staff of conjuration (weapon)
Jewellery
 k - a +6 ring of dexterity (left hand)
Scrolls
 e - 2 scrolls of magic mapping {unknown}
 h - a scroll of fear {unknown}
 i - a scroll of teleportation {unknown}
 l - 3 scrolls of identify {unknown}
 m - a scroll of blinking {unknown}
 o - a scroll of torment {unknown}
 p - a scroll of amnesia {unknown}
Potions
 b - a potion of magic
 d - 3 potions of curing
 f - a potion of heal wounds {unknown}
 g - a potion of ambrosia {unknown}
 j - a potion of haste {unknown}
 n - a potion of lignification {unknown}


   Skills:
 - Level 2.4 Dodging
 - Level 2.4 Stealth
 + Level 4.9 Spellcasting
 + Level 5.5 Conjurations


You had 2 spell levels left.
You knew the following spells:

 Your Spells              Type           Power      Damage    Failure   Level
a - Magic Dart            Conj           100%       1d8       1%          1
b - Searing Ray           Conj           100%       2d8       1%          2
c - Dazzling Flash        Conj/Hex       58%        N/A       9%          3
d - Fulminant Prism       Conj/Hex       14%        3d8       26%         4

Your spell library contained the following spells:

 Spells                   Type           Power      Damage    Failure   Level
 Beastly Appendage        Tmut           12%        N/A       9%          1
 Ensorcelled Hibernation  Hex/Ice        12%        N/A       13%         2
 Wereblood                Tmut           6%         N/A       13%         2
 Spider Form              Tmut/Pois      6%         N/A       26%         3
 Iskenderun's Mystic Bla  Conj/Tloc      29%        2d7       26%         4
 Anguish                  Hex/Necr       3%         N/A       63%         4


Dungeon Overview and Level Annotations

Branches:
Dungeon (3/15)

Altars:

Shops:
D:1 !

Annotations:
D:3 Sigmund


Message History

l - 3 scrolls labelled TELINN IZXUENE (gained 1)
You feel a surge of power!
The magic dart hits the bat.
You kill the bat!
Found 4 gold pieces.
You now have 15 gold pieces (gained 4).
Found 12 gold pieces.
You now have 27 gold pieces (gained 12).
Sigmund the Dreaded comes into view.
He is wielding a +0 scythe and carrying a wand of roots (11).
Sigmund shouts!
Casting: Magic Dart (safe; 1% risk of failure)
Confirm with . or Enter, or press ? or * to list all spells.
Aiming: Searing Ray (safe; 1% risk of failure)
Press: ? - help, Shift-Dir - straight line, f - Sigmund
Aim: Sigmund, wielding a +0 scythe, wearing a +0 robe and carrying a wand of roots (11) (81% to hit)
You feel a surge of power!
The searing ray hits Sigmund!
Sigmund is moderately wounded. (Press . to maintain the ray.) Sigmund zaps a wand.
The roots erupt in riotous growth!
The grasping roots grab you! The grasping roots constrict you.
The searing ray hits Sigmund.
Sigmund is heavily wounded.
The grasping roots constrict you.
The searing ray hits Sigmund!
Sigmund is almost dead.
Sigmund casts a spell.
Sigmund flickers and vanishes!
Deactivating autopickup; reactivate with Ctrl-A.
You are constricted.
Casting: Searing Ray (safe; 1% risk of failure)
Confirm with . or Enter, or press ? or * to list all spells.
Restarting spell: Searing Ray (safe; 1% risk of failure)
Press: ? - help, Shift-Dir - straight line You feel a surge of power!
You miscast Searing Ray.
You are very lightly contaminated with residual magic.
Nothing appears to happen.
Something hits you!
Ouch! That really hurt!
* * * LOW HITPOINT WARNING * * *
You are constricted.
You die...

.# # .# .#########. .#
#.......##.# .#
##<......#.# .#
#.#...#..#.######.#
................#.##
.##...#..#......@..#
.###.##..##...#.#..#
.)............#.#{.#
..##.##.)##...#.#..#
.....##..##...#..#..
.........##...#.###.##
#.##.....##....## #.#
#.##.#...##...#.###.##
#.##...#.##.>.†..#..#####.


There were no monsters in sight!

Vanquished Creatures
  A gnoll (D:1)
  2 adders (D:2)
  2 worms (D:2)
  A dart slug (D:2)
  An orc (D:3)
  4 endoplasms
  3 giant cockroaches (D:1)
  6 hobgoblins (D:1)
  3 quokkas
  5 ball pythons
  10 bats
  3 frilled lizards (D:1)
  3 goblins
  2 kobolds
  3 rats
49 creatures vanquished.

Notes
Turn   | Place    | Note
-------+----------+-------------------------------------------
     0 | D:1      | Heoruswealwe the Deep Elf Conjurer began the quest for the
                  | Orb.
     0 | D:1      | Reached XP level 1. HP: 10/10 MP: 6/6
   159 | D:1      | Reached XP level 2. HP: 15/15 MP: 0/8
   162 | D:1      | Learned a level 2 spell: Searing Ray
   232 | D:1      | Found Mefinu's Distillery.
   420 | D:1      | Reached skill level 5 in Conjurations
   420 | D:1      | Reached XP level 3. HP: 19/19 MP: 4/10
   425 | D:1      | Learned a level 3 spell: Dazzling Flash
  1076 | D:1      | You fall into a shaft and drop 1 floor!
  1095 | D:1      | Bought a potion of curing for 39 gold pieces
  1234 | D:2      | Reached XP level 4. HP: 24/24 MP: 6/12
  1239 | D:2      | Learned a level 4 spell: Fulminant Prism
  1551 | D:3      | Noticed Sigmund
  1555 | D:3      | Constricted to death by Sigmund

Illustrated notes

Levels and vault maps discovered:
D:1:      lordsloth_arrival_two_stooges, layout_rooms, serial_shops,
          nicolae_shop_pleasant_corner_grove
D:2:      layout_rooms, chequers_serial_rivers_micro_a
D:3:      layout_loops_ring, uniq_sigmund

Skill      XL: |  1  2 |
---------------+-------+-----
Spellcasting   | 4 |  4.9
Conjurations   | 5 |  5.5
Dodging        | |  2.4
Stealth        | |  2.4

Action                     |  1- 3 |  4- 6 || total
---------------------------+-------+-------++-------
  Melee: Staff             |    20 |       ||    20
   Cast: Magic Dart        |    71 |    18 ||    89
         Searing Ray       |       |     1 ||     1
 Armour: Robe              |     7 |       ||     7
  Dodge: Dodged            |    29 |     2 ||    31
